 Dungeon Crawl Stone Soup version 0.30.1-11-g7821555f0a (webtiles) character file.

Game seed: 5618387368080525401

24 Martska the Trooper (level 2, -12/24 HPs)
             Began as a Demonspawn Fighter on Dec 11, 2023.
             Shot with a sling bullet by a goblin (17 damage)
             ... on level 2 of the Dungeon.
             The game lasted 00:01:45 (793 turns).

Martska the Trooper (Demonspawn Fighter)             Turns: 793, Time: 00:01:46

Health: -12/24     AC:  6    Str: 16    XL:     2   Next: 79%
Magic:  2/2        EV:  9    Int:  9    God:
Gold:   80         SH:  4    Dex: 14    Spells: 1/1 levels left

rFire   . . .        a - +0 flail
rCold   . . .        c - +0 buckler
rNeg    . . .        b - +0 scale mail
rPois   .            (no helmet)
rElec   .            (no cloak)
rCorr   .            (no gloves)
SInv    .            (no boots)
Will    .....        (no amulet)
Stlth   +            (no ring)
HPRegen 0.24/turn    (no ring)
MPRegen 0.08/turn

%: no passive effects
@: no status effects
A: thin skeletal structure 1
a: no special abilities


You were on level 2 of the Dungeon.
You visited 1 branch of the dungeon, and saw 2 of its levels.

You collected 80 gold pieces.

Inventory:

Hand Weapons
 a - a +0 flail (weapon)
Armour
 b - a +0 scale mail (worn)
 c - a +0 buckler (worn)
Jewellery
 j - a ring of flight
Scrolls
 e - a scroll of noise {unknown}
Potions
 d - a potion of might
 f - a potion of mutation {unknown}
 g - a potion of berserk rage {unknown}
 h - a potion of invisibility {unknown}
 i - a potion of attraction {unknown}


   Skills:
 * Level 3.3 Fighting
 - Level 1.7 Maces & Flails
 + Level 2.8 Armour
 * Level 1.2 Dodging
 + Level 0.2 Stealth
 + Level 2.8 Shields


You had one spell level left.
You didn't know any spells.
Your spell library was empty.

Dungeon Overview and Level Annotations

Branches:
Dungeon (2/15)

Altars:

Shops:
D:1 (![*


Innate Abilities, Weirdness & Mutations

You have a somewhat thin skeletal structure. (Dex +2, Stealth+)


Message History

There is an open door here.
The endoplasm quivers.
You hit the kobold.
You kill the kobold!
You see here a +0 club.
An endoplasm is nearby!
An endoplasm is nearby!
The endoplasm freezes you.
You are frozen.
You hit the endoplasm.
The endoplasm is severely wounded.
The endoplasm hits you but does no damage.
You thump the endoplasm!
You kill the endoplasm!
No target in view!
No target in view!
No target in view!
No target in view!
A goblin comes into view. It is wielding a +0 dagger.
The goblin shouts!
The goblin unwields a +0 dagger.
The goblin wields a +1 sling of electrocution.
You hear the crackle of electricity.
The goblin shoots a sling bullet.
The sling bullet hits you.
An adder comes into view.
The goblin shoots a sling bullet.
The sling bullet hits you.
You are electrocuted!
Ouch! That really hurt!
* * * LOW HITPOINT WARNING * * *
You are too injured to fight recklessly!
You are too injured to fight recklessly!
The adder hisses angrily.
The goblin shoots a sling bullet.
The sling bullet hits you but does no damage.
The goblin shoots a sling bullet.
You block the sling bullet.
The goblin shoots a sling bullet.
The sling bullet hits you.
* * * LOW HITPOINT WARNING * * *
You are electrocuted!
Ouch! That really hurt!
You die...

.... #....########
###+########...........#
...........#...........#
...........#...........#
..........#.......)...#
# .........# #.....†...#
#
#.....###......†..#####
+...S.@)'..............
#.....###.....#########
##+#####.....# #.....# #
.g....g......###.....# #
.............#.......# #
.............#.......###
#
........######.........#
# ........# #....#....#
# ........# #....#....#
#


You could see an adder and a goblin.

Vanquished Creatures
  5 bats
  2 endoplasms
  A giant cockroach (D:1)
  A goblin (D:2)
  2 hobgoblins
  3 kobolds
  2 quokkas
  2 ball pythons (D:2)
  2 rats
20 creatures vanquished.

Notes
Turn   | Place    | Note
-------+----------+-------------------------------------------
     0 | D:1      | Martska the Demonspawn Fighter began the quest for the Orb.
     0 | D:1      | Reached XP level 1. HP: 18/18 MP: 1/1
   142 | D:1      | Found Ruarabb's Assorted Antiques.
   296 | D:1      | Gained mutation: You have a somewhat thin skeletal
                  | structure. (Dex +2, Stealth+) [demonic ancestry]
   296 | D:1      | Reached XP level 2. HP: 24/24 MP: 2/2
   308 | D:1      | Found Daduiry's Antique Armour Shoppe.
   329 | D:1      | Found Guasedwa's Distillery.
   337 | D:1      | Found Cabiremu's Antique Weapon Boutique.
   373 | D:1      | Found Hobri's Assorted Antiques.
   639 | D:2      | Reached skill level 1 in Dodging
   793 | D:2      | Shot with a sling bullet by a goblin

Illustrated notes

Levels and vault maps discovered:
D:1:      scummos_arrival_forest, layout_basic, serial_shops, shop, shop,
          nicolae_shop_pleasant_corner_grove, shop_fountains,
          nicolae_shop_competitors_out_of_business, minmay_fountain_box
D:2:      layout_basic

Skill      XL: |  1  2 |
---------------+-------+-----
Dodging        | 1 |  1.2
Fighting       | |  3.3
Maces & Flails | |  1.7
Armour         | |  2.8
Stealth        | |  0.2
Shields        | |  2.8

Action                     || total
---------------------------++-------
  Melee: Flail             ||    71
 Armour: Scale mail        ||    37
  Dodge: Dodged            ||    40
  Block: Buckler           ||    30
